 Dungeon Crawl Stone Soup version 0.24.0-13-gcf9b319 (webtiles) character file.

Game seed: 16129598617488259843, levelgen mode: deterministic

8421 Bronimir the Geomancer (level 11, -9/86 HPs)
             Began as a Deep Dwarf Earth Elementalist on Mar 14, 2020.
             Was an Elder of Makhleb.
             Killed by the air
             ... invoked by Gastronok
              (37 damage)
             ... on level 9 of the Dungeon.
             The game lasted 00:39:22 (9635 turns).

Bronimir the Geomancer (DDEE)                       Turns: 9635, Time: 00:39:22

Health: -9/86      AC:  8    Str: 14    XL:     11   Next: 9%
Magic:  1/29 (20)  EV: 13    Int: 17    God:    Makhleb [****..]
Gold:   0          SH:  5    Dex: 13    Spells: 6/24 levels left

rFire    . . .     SeeInvis .   a - +2 war axe (chop)
rCold    + . .     Gourm    .   m - +0 buckler
rNeg     . . .     Faith    .   o - +0 leather armour {rC+}
rPois    .         Spirit   .   (no helmet)
rElec    .         Reflect  .   (no cloak)
rCorr    .         Harm     .   w - +0 pair of gloves
MR       +....                  H - +0 pair of boots
Stlth    ++........             (no amulet)
HPRegen  0.00/turn              j - +2 ring of protection
MPRegen  0.21/turn              u - ring of magical power

@: non-regenerating
A: damage resistance, heal wounds, sense surroundings 2, no regeneration
a: Heal Wounds, Minor Destruction, Lesser Servant of Makhleb, Major Destruction,
Renounce Religion


You were on level 9 of the Dungeon.
You worshipped Makhleb.
Makhleb was greatly pleased with you.
You were near starving.

You visited 2 branches of the dungeon, and saw 11 of its levels.

Inventory:

Hand Weapons
 a - a +2 war axe of chopping (weapon)
 b - a +0 hunting sling
 f - a +0 halberd of flaming
 i - a +3 dagger
 k - a +2 scimitar of flaming
 y - a +0 quarterstaff
 C - a +1 flail of holy wrath
 G - a +0 shortbow
 I - a +4 hand axe
 L - a +2 short sword of flaming
Missiles
 n - 183 arrows
 r - 29 poisoned darts (quivered)
 t - 16 bolts
 B - 62 sling bullets
Armour
 m - a +0 buckler (worn)
 o - a +0 leather armour of cold resistance (worn)
 w - a +0 pair of gloves (worn)
 x - a +2 chain mail of fire resistance
 z - a +2 robe of fire resistance
 H - a +0 pair of boots (worn)
 J - a +0 ring mail
Jewellery
 j - a +2 ring of protection (left hand)
 u - a ring of magical power (right hand)
Wands
 p - a wand of paralysis (4)
 v - a wand of flame (47)
 K - a wand of digging (4)
Scrolls
 e - a scroll of teleportation
 l - 9 scrolls of remove curse
 A - 2 scrolls of identify
 F - a scroll of magic mapping {unknown}
 M - a scroll of fear
Potions
 g - a potion of agility {unknown}
 h - 3 potions of might
 q - a potion of magic {unknown}
 s - 3 potions of curing
 D - a potion of flight {unknown}
 E - a potion of haste {unknown}
Comestibles
 c - 3 chunks of flesh
 d - 8 rations


   Skills:
 * Level 2.3 Fighting
 + Level 5.7(5.8) Axes
 + Level 0.4(3.2) Maces & Flails
 + Level 0.1(2.8) Polearms
 + Level 0.3(0.8) Slings
 + Level 0.8(0.9) Throwing
 * Level 6.2 Armour
 + Level 3.6 Dodging
 + Level 3.8 Stealth
 - Level 4.0 Shields
 * Level 7.3 Spellcasting
 * Level 3.6 Conjurations
 + Level 2.4 Transmutations
 + Level 10.6 Earth Magic
 * Level 7.3 Invocations
 + Level 3.2 Evocations


You had 6 spell levels left.
You knew the following spells:

 Your Spells              Type           Power        Failure   Level  Hunger
a - Sandblast             Erth           #####.       1%          1    None
b - Passwall              Tmut/Erth      ####....     1%          2    None
c - Stone Arrow           Conj/Erth      ####..       2%          3    ##.....
d - Petrify               Tmut/Erth      ####....     10%         4    ####...
e - Lee's Rapid Deconstr  Erth           #####.....   4%          5    #####..
f - Sticks to Snakes      Tmut           ##......     8%          2    None
g - Beastly Appendage     Tmut           ##....       4%          1    None

Your spell library contained the following spells:

 Spells                   Type           Power        Failure   Level  Hunger
 Spider Form              Tmut/Pois      ##........   26%         3    ##.....
 Ice Form                 Ice/Tmut       ##......     63%         4    ####...
 Blade Hands              Tmut           ##........   80%         5    #####..


Dungeon Overview and Level Annotations

Branches:
Dungeon (10/15)            Temple (1/1) D:4
   Lair: D:8-11         Orc: D:9-12

Altars:
Ashenzari
Cheibriados
Dithmenos
Elyvilon
Fedhas
Gozag
Hepliaklqana
Kikubaaqudgha
Makhleb
Nemelex Xobeh
Okawaru
Qazlal
Ru
Sif Muna
Trog
Uskayaw
Vehumet
Wu Jian
Xom
Yredelemnul
Zin
The Shining One

Annotations:
D:8 Maurice
D:9 Gastronok
D:10 Sonja


Innate Abilities, Weirdness & Mutations

You are resistant to damage.
You can heal yourself by infusing magical energy.
You passively map the area around you.
You do not regenerate.


Message History

The quokka closely misses you.
Things that are here:
a +0 plate armour; a cursed -3 trident You hit the quokka.
The quokka is heavily wounded.
The quokka bites you but does no damage. x2
You miss the quokka.
The quokka is heavily wounded.
You block the quokka's attack.
Gastronok waves his eye-stalks in wide circles.
The air twists around and strikes you!!
* * * LOW HITPOINT WARNING * * *
You hit the quokka.
You kill the quokka!
The quokka's corpse disappears in a puff of smoke!
There is a stone staircase leading up, spattered with blood here.
You feel much better.
Gastronok waves his eye-stalks in wide circles.
The air twists around and strikes you!!!
You die...

#w###.##.##.###.# #.#...###
#...r...........# #.#......
#####w....)))...# #.##..##)
#.#####.##.## #.##..... #.#
#.##.# #.##.###. #.# #.##.#
#.##.# #. #.#
#.##.#########.##.###. #.#
#.##...........##.....
#.#####w.[.@................
#..........#.#########.#####
##########.#.# #.# #...# #.#
###.#########.# ##
#...........# .#
################# .# #....
.# ###########.###


You could see Gastronok.

Vanquished Creatures
  Harold (D:7)
  Erica (D:8)
  A deep elf archer (D:10)
  Pikel (D:5)
  Joseph (D:9)
  A centaur skeleton (D:8)
  A hippogriff (D:10)
  Sigmund (D:5)
  2 wyverns
  Grum (D:8)
  2 hungry ghosts
  2 water moccasins
  Duvessa (D:7)
  2 orc warriors
  3 sky beasts
  2 slaves (D:5)
  An ice beast (D:6)
  2 phantoms
  2 wolves (D:8)
  7 ogres
  5 centaurs
  Blork the orc (D:4)
  4 bullfrogs (D:6)
  Dowan (D:7)
  2 scorpions
  6 killer bees
  3 howler monkeys
  3 bullfrog zombies
  6 crimson imps
  A bullfrog skeleton (D:6)
  2 jellies
  3 orc priests
  5 hounds
  3 iguanas
  10 orc wizards
  9 worker ants
  2 hound skeletons
  A howler monkey skeleton (D:6)
  11 adders
  5 gnolls
  2 shadow imps
  An ooze (D:2)
  2 adder zombies
  3 adder skeletons
  2 dart slugs (D:1)
  6 leopard geckos
  33 orcs
  7 bats
  4 giant cockroaches
  10 goblins
  6 hobgoblins
  2 jackals (D:8)
  7 kobolds
  3 quokkas
  3 ball pythons
  6 frilled lizards
  A giant cockroach zombie (D:5)
  5 rats
221 creatures vanquished.

Notes
Turn   | Place    | Note
-------+----------+-------------------------------------------
     0 | D:1      | Bronimir the Deep Dwarf Earth Elementalist began the quest
                  | for the Orb.
     0 | D:1      | Reached XP level 1. HP: 15/15 MP: 3/3
   126 | D:1      | Reached XP level 2. HP: 22/22 MP: 0/5
   515 | D:1      | Reached XP level 3. HP: 21/28 MP: 6/6
   713 | D:1      | Learned a level 2 spell: Passwall
   717 | D:1      | Learned a level 3 spell: Stone Arrow
  1001 | D:2      | Reached skill level 1 in Shields
  1232 | D:2      | Reached skill level 1 in Armour
  1459 | D:2      | Reached XP level 4. HP: 23/37 MP: 7/7
  1794 | D:3      | Reached skill level 5 in Earth Magic
  2337 | D:3      | Reached skill level 1 in Transmutations
  2359 | D:3      | Found a faded altar of an unknown god.
  2436 | D:4      | Reached XP level 5. HP: 15/43 MP: 8/8
  2735 | D:4      | Reached skill level 1 in Conjurations
  2798 | D:4      | Noticed Blork the orc
  2837 | D:4      | Found a radiant altar of Vehumet.
  2985 | D:4      | Found a shimmering blue altar of Sif Muna.
  3069 | D:4      | Found a staircase to the Ecumenical Temple.
  3074 | D:4      | Reached XP level 6. HP: 25/50 MP: 8/9
  3081 | Temple   | Entered the Ecumenical Temple
  3143 | Temple   | Became a worshipper of Makhleb the Destroyer
  3224 | D:4      | Killed Blork the orc
  3340 | D:4      | Found a shimmering altar of Xom.
  3374 | D:5      | Entered Level 5 of the Dungeon
  3384 | D:5      | Reached skill level 6 in Earth Magic
  3399 | D:5      | Learned a level 4 spell: Petrify
  3413 | D:5      | Reached skill level 1 in Axes
  3538 | D:5      | Noticed Sigmund
  3544 | D:5      | Killed Sigmund
  3544 | D:5      | Reached XP level 7. HP: 11/56 MP: 11/11
  3604 | D:5      | Reached skill level 7 in Earth Magic
  3679 | D:5      | Noticed a +0 hand axe
  3681 | D:5      | Found a hide-covered altar of Uskayaw.
  3682 | D:5      | Noticed a +0 dagger
  3728 | D:5      | Reached * piety under Makhleb
  3774 | D:6      | Reached skill level 1 in Invocations
  3779 | D:6      | Reached skill level 1 in Evocations
  3814 | D:6      | Found an iron altar of Okawaru.
  3893 | D:6      | Reached XP level 8. HP: 27/63 MP: 8/13
  3924 | D:6      | Reached skill level 1 in Fighting
  4200 | D:5      | Found a shattered altar of Ashenzari.
  4200 | D:5      | Found a glowing silver altar of Zin.
  4595 | D:5      | Noticed Pikel
  4612 | D:5      | HP: 2/64 [Pikel/+1 whip of freezing (2)]
  4707 | D:5      | Killed Pikel
  4957 | D:6      | Reached skill level 8 in Earth Magic
  5198 | D:6      | Gained mutation: You passively map the area around you.
                  | [Deep Dwarf growth]
  5198 | D:6      | Reached XP level 9. HP: 50/70 MP: 15/15
  5213 | D:5      | Reached ** piety under Makhleb
  5374 | D:6      | Reached skill level 5 in Spellcasting
  5937 | D:7      | Noticed Duvessa
  5941 | D:7      | Noticed Dowan
  6072 | D:7      | Killed Duvessa
  6074 | D:7      | Killed Dowan
  6142 | D:7      | Noticed Harold
  6234 | D:7      | Killed Harold
  6234 | D:7      | Reached skill level 5 in Armour
  6234 | D:7      | Reached skill level 9 in Earth Magic
  6234 | D:7      | Reached skill level 5 in Invocations
  6570 | D:7      | You fall into a shaft and drop 3 floors!
  6570 | D:10     | Entered Level 10 of the Dungeon
  6575 | D:10     | Noticed Sonja
  6638 | D:10     | Reached XP level 10. HP: 41/78 MP: 17/17
  6657 | D:10     | Noticed a deep elf archer
  6670 | D:10     | Killed a deep elf archer
  6803 | D:9      | Reached skill level 10 in Earth Magic
  7077 | D:9      | Noticed Joseph
  7078 | D:9      | Noticed Gastronok
  7396 | D:8      | Noticed Erica
  7430 | D:8      | Noticed Grum
  7434 | D:8      | Reached *** piety under Makhleb
  7828 | D:8      | Reached skill level 5 in Axes
  7966 | D:8      | Paralysed by Erica for 5 turns
  7977 | D:8      | Killed Erica
  8038 | D:7      | HP: 4/80 [something (3)]
  8038 | D:7      | HP: 1/80 [something (3)]
  8556 | D:8      | Killed Grum
  8613 | D:8      | Reached XP level 11. HP: 71/86 MP: 19/20
  8838 | D:8      | Noticed Maurice
  8849 | D:8      | Reached **** piety under Makhleb
  9133 | D:9      | Killed Joseph
  9340 | D:9      | Learned a level 5 spell: Lee's Rapid Deconstruction
  9343 | D:9      | Learned a level 2 spell: Sticks to Snakes
  9345 | D:9      | Learned a level 1 spell: Beastly Appendage
  9635 | D:9      | Killed from afar by Gastronok

Levels and vault maps discovered:
D:1:      dpeg_chamrin_arrival_tetris, layout_basic
D:2:      layout_basic, first_ration
D:3:      layout_basic, chequers_ecumenical_altar_grove
D:4:      layout_rooms, nicolae_overflow_hidden_temple, led_sif_book,
          minmay_temple_entry_nine_rooms, minmay_misc_feat_chi,
          vehumet_altar_wand_db, uniq_blork_the_orc
D:5:      layout_loops_cross, dancing_weapons_uskayaw,
          amethyst_overflow_temple_binary, uniq_pikel, uniq_sigmund
D:6:      layout_basic, okawaru_metal_pillars_1_2, cheibrodos_sewer_entry_drain,
          minivault_24, minmay_misc_feat_five, chequers_serial_rivers_micro_d,
          eino_small_chamber_without_monster
D:7:      layout_basic, kennysheep_generic_room_13, uniq_harold, uniq_duvessa
D:8:      layout_rooms, uniq_maurice, uniq_erica, uniq_grum
D:9:      layout_loops_ring, uniq_gastronok, uniq_joseph
D:10:     minmay_chopped_fan, layout_basic, lair_entry_dummy,
          minmay_orc_entry_temple_small, serial_shops, kennysheep_little_box,
          nrook_guardian_serpent_ordinary, uniq_sonja
Temple:   nicolae_temple_x_marks_the_god

Skill      XL: |  1  2  3  4  5  6  7  8  9 10 |
---------------+-------------------------------+-----
Spellcasting   | 2 3 4 6 7 |  7.3
Shields        | 1 2 3 4 |  4.0
Armour         | 1 2 3 5 6 |  6.2
Earth Magic    | 5 6 7 8 9 10 | 10.6
Transmutations | 1 2 |  2.4
Conjurations   | 1 2 3 |  3.6
Axes           | 2 3 4 5 |  5.7
Invocations    | 2 4 5 7 |  7.3
Evocations     | 1 2 3 |  3.2
Fighting       | 1 2 |  2.3
Dodging        | 3 |  3.6
Stealth        | 3 |  3.8
Maces & Flails | |  0.4
Polearms       | |  0.1
Slings         | |  0.3
Throwing       | |  0.8

Action                   |  1- 3 |  4- 6 |  7- 9 | 10-12 || total
-------------------------+-------+-------+-------+-------++-------
Melee: Halberd           |     8 |       |       |       ||     8
       Whip              |    51 |       |       |       ||    51
       Club              |     2 |       |       |       ||     2
       Hand axe          |       |    10 |       |       ||    10
       War axe           |       |    11 |    52 |   143 ||   206
 Fire: Hunting sling     |    15 |       |       |       ||    15
Throw: Dart              |     9 |     5 |       |    11 ||    25
 Cast: Sandblast         |    13 |    63 |   142 |    31 ||   249
       Stone Arrow       |     6 |     8 |    55 |   101 ||   170
       Passwall          |       |       |    11 |     7 ||    18
       Petrify           |       |       |     4 |    15 ||    19
       Lee's Rapid Decon |       |       |       |     6 ||     6
       Sticks to Snakes  |       |       |       |     3 ||     3
Invok: Minor Destruction |       |       |       |     3 ||     3
 Abil: Heal Wounds       |       |     1 |     7 |     2 ||    10
  Use: Scroll            |       |       |    14 |     4 ||    18
 Stab: Sleeping          |       |     1 |     1 |     1 ||     3
       Petrified         |       |       |     7 |    19 ||    26
       Distracted        |       |       |       |     1 ||     1
       Petrifying        |       |       |       |     2 ||     2
  Eat: Chunk             |     2 |    10 |    12 |     9 ||    33
       Ration            |       |       |     1 |     4 ||     5
Armor: Robe              |     6 |    12 |    41 |       ||    59
       Ring mail         |    17 |       |     3 |    55 ||    75
       Leather armour    |       |       |       |    55 ||    55
Dodge: Dodged            |    47 |    31 |   130 |   191 ||   399
Block: Buckler           |     6 |     9 |    50 |    73 ||   138
